 Dungeon Crawl Stone Soup version 0.28.0-53-g5a82cb258f (webtiles) character file.

Game seed: 4176955052303216132

84 ILmort the Chopper (level 4, 0/42 HPs)
             Began as a Minotaur Berserker on Aug 14, 2022.
             Was a Believer of Trog.
             Slain by an orc wizard
             ... wielding a +0 dagger
              (1 damage)
             ... on level 3 of the Dungeon.
             The game lasted 00:04:13 (2229 turns).

ILmort the Chopper (Minotaur Berserker)             Turns: 2229, Time: 00:04:13

Health: 0/42       AC:  6    Str: 23    XL:     4   Next: 23%
Magic:  3/3        EV: 12    Int:  4    God:    Trog [**....]
Gold:   69         SH:  0    Dex: 16    Spells: 3/3 levels left

rFire   . . .      SeeInvis .   h - +0 war axe
rCold   . . .      Faith    .   (no shield)
rNeg    . . .      Spirit   .   b - +0 animal skin
rPois   .          Reflect  .   (helmet restricted)
rElec   .          Harm     .   (no cloak)
rCorr   .          Rampage  .   (no gloves)
Will    .....                   (no boots)
Stlth   +.........              (no amulet)
HPRegen 0.14/turn               c - +6 ring of dexterity
MPRegen 0.08/turn               m - +4 ring of protection

@: confused, lethally poisoned (0 -> -30)
A: horns 2, retaliatory headbutt
a: Renounce Religion, Berserk, Trog's Hand


You were on level 3 of the Dungeon.
You worshipped Trog.
Trog was pleased with you.
You visited 1 branch of the dungeon, and saw 3 of its levels.

You collected 90 gold pieces.
You spent 21 gold pieces at shops.

Inventory:

Hand Weapons
 a - a +0 hand axe
 h - a +0 war axe (weapon)
Missiles
 j - 2 throwing nets (quivered)
Armour
 b - a +0 animal skin (worn)
 k - a +0 buckler
Jewellery
 c - a +6 ring of dexterity (left hand)
 m - a +4 ring of protection (right hand)
Scrolls
 d - a scroll of amnesia {unknown}
 f - a scroll of noise {unknown}
 g - a scroll of teleportation {unknown}
 i - a scroll of identify {unknown}
Potions
 e - a potion of haste {unknown}
 l - a potion of might {unknown}


   Skills:
 + Level 5.0 Fighting
 + Level 5.0 Axes
 - Level 2.4 Armour
 - Level 2.1 Dodging


You had 3 spell levels left.
You didn't know any spells.
Your spell library was empty.

Dungeon Overview and Level Annotations

Branches:
Dungeon (3/15)

Altars:

Shops:
D:2 *


Innate Abilities, Weirdness & Mutations

You have a pair of horns on your head.
You reflexively headbutt those who attack you in melee.


Message History

You closely miss the orc wizard. Your headbutt misses the orc wizard.
The orc wizard closely misses you.
You barely miss the orc wizard.
An orc comes into view. It is wielding a +1 trident of venom.
The orc shouts!
Something hits you. The orc wizard casts a spell at you.
You are confused.
You bump into the rock wall.
The orc wizard closely misses you. Something hits you but does no damage.
The orc wizard hits you but does no damage.
You bump into the rock wall.
The orc wizard hits you but does no damage.
The orc hits you from afar with a +1 trident of venom!
You are poisoned.
You hit the orc wizard. You miss something.
You feel very sick.
The orc wizard hits you but does no damage.
The orc hits you from afar with a +1 trident of venom.
You are more poisoned.
Something hits you but does no damage.
You bump into the stone wall.
You feel very sick.
The orc wizard points at you and mumbles some strange words.
The magic dart hits you. The orc barely misses you.
You hear some strange, mumbled words.
A puff of flame appears from out of thin air!
The puff of flame hits you!
* * * LOW HITPOINT WARNING * * *
You are too confused!
You miss the orc wizard. You completely miss something.
* * * LOW HITPOINT WARNING * * *
You feel very sick.
The orc wizard hits you but does no damage.
The orc hits you from afar with a +1 trident of venom.
* * * LOW HITPOINT WARNING * * *
You are more poisoned.
Something hits you but does no damage.
The orc wizard hits you with a +0 dagger.
You die...

## .# #. . #. .# #. .# #.
..# #. #.###. #.####.
###o.#)#..# #.....
####@{o##.##...#####.
..#####...o###...###....###
#.......####...#...####....
#######....###...###....###
####...##.##...#####.
###..#.#..### #< ##.#.#.##
#. #.....# #. ##(..## #.


You could see an orc wizard and 2 orcs.

Vanquished Creatures
  An orc wizard (D:2)
  An adder (D:2)
  A worm (D:3)
  6 dart slugs
  3 orcs (D:2)
  2 giant cockroaches (D:3)
  2 hobgoblins (D:1)
  A quokka (D:1)
  4 ball pythons
  3 bats
  A frilled lizard (D:1)
  4 goblins (D:1)
  2 kobolds (D:1)
  3 rats
34 creatures vanquished.

Notes
Turn   | Place    | Note
-------+----------+-------------------------------------------
     0 | D:1      | ILmort the Minotaur Berserker began the quest for the Orb.
     0 | D:1      | Reached XP level 1. HP: 19/19 MP: 0/0
    81 | D:1      | Reached XP level 2. HP: 7/27 MP: 1/1
  1062 | D:2      | Reached XP level 3. HP: 19/34 MP: 2/2
  1538 | D:2      | Reached ** piety under Trog
  1565 | D:2      | Found Xiduseil's Assorted Antiques.
  1571 | D:2      | Bought a scroll labelled QAERIF OTUMI for 21 gold pieces
  1659 | D:2      | Reached XP level 4. HP: 39/41 MP: 3/3
  1869 | D:2      | Reached skill level 5 in Axes
  2076 | D:3      | Reached skill level 5 in Fighting
  2229 | D:3      | HP: 1/42 [orc/+1 trident of venom (4)]
  2229 | D:3      | Slain by an orc wizard

Illustrated notes

Levels and vault maps discovered:
D:1:      ncdulo_smallfort, layout_rooms
D:2:      minmay_evil_eye, layout_basic, serial_shops, shop
D:3:      minmay_general_purpose_star, layout_loops_ring,
          hellmonk_ghost_happy_afterlife, uniq_crazy_yiuf_cottage

Skill      XL: |  1  2  3  4 |
---------------+-------------+-----
Fighting       | 4 5 |  5.0
Axes           | 4 5 |  5.0
Armour         | |  2.4
Dodging        | |  2.1

Action                   |  1- 3 |  4- 6 || total
-------------------------+-------+-------++-------
Melee: Hand axe          |    46 |       ||    46
       Headbutt          |     8 |     5 ||    13
       War axe           |     7 |    23 ||    30
       Punch             |     1 |       ||     1
Armor: Animal skin       |     7 |    13 ||    20
Dodge: Dodged            |    40 |    14 ||    54
